Unix NetHack Version 5.0.0-0 post-release - last build May 31 2026 23:59:36 (970b52f25bf058293b47ddfd14a1e40e571c508c,branch:main).

Game began 2026-06-08 00:08:43, ended 2026-06-08 00:27:18.

Drastanta, lawful male human Knight

      ---
    ---.---                                      -
 ----.....-------    ----                    ----...
 |..........*...---  |..|                    ........
 |...---..-----0..|  |..-------              --...@..
 --.-- --..-- |...|  |.....|..|             ---..h%..
  -------...--|.|.| --..--....|             |.......
   ---.)..)...|.-----...|----.-----    ---- -......
   |...-----..|....|....----......|.  --).--.......
   |...-   --..---....|..--.....|...- |...........
   --...    |..| --.----........|..-- --........-
   --...--  ----  |.| --......----..-- #.......--
   |.....--       --- |.......---|...|%%#-.....|
   --....^--          |.........||...)  # #
    --...<.-          ---.|....*||...#  ###
     |......            |.|....-##.)#)*#%##
     ----..            --......| #..#*# ##0
                      ##......-| #..##
                 ....#*#.......##
                  - -  ---.#..##
                         ----##
Drastanta the Esquire    St:15 Dx:9 Co:11 In:9 Wi:15 Ch:17  Lawful
Dlvl:4  $:80 HP:0(45) Pw:34(34) AC:3  Xp:5 T:1492 

Latest messages:
 The gnome swings her crossbow.
 The gnome hits!
 You kill the gnome!
 There are several objects here.
 A little dart shoots out at you!
 A little dart misses you.
 Really step onto that dart trap? [yn] (n) n
 There is a staircase up to level 4 here.
 You see here 3 crossbow bolts.
 In what direction? 6
 You kick a crossbow bolt.
 In what direction? 6
 You kick a crossbow bolt.
 In what direction? 6
 You kick a crossbow bolt.
 In what direction? 6
 Ouch!  That hurts!
 Your movements are slowed slightly because of your load.
 You hear crashing rock.
 Your leg feels better.
 Your movements are now unencumbered.
 The gnome picks up a crossbow.
 A gush of water hits the gnome on the head!
 You already found a monster.  Use 'm' prefix to force another search.
 You miss the gnome.
 The gnome hits!
 You hit the gnome.
 The gnome hits!
 You miss the gnome.
 You kill the gnome!
 Really step onto that rust trap? [yn] (n) n
 You hear crashing rock.
 You climb up the stairs.
 You already found a monster.  Use 'm' prefix to force another search.
 You miss the dwarf.
 The dwarf swings her dwarvish mattock.
 The dwarf misses!
 You miss the dwarf.
 The dwarf swings her dwarvish mattock.
 The dwarf hits!
 You miss the dwarf.
 The dwarf swings her dwarvish mattock.
 The dwarf misses!
 You hit the dwarf!
 You miss the dwarf.
 The dwarf swings her dwarvish mattock.
 The dwarf hits!
 You die...
 Do you want your possessions identified? [ynq] (y) y
 Do you want to see your attributes? [ynq] (y) q

Inventory:
 Coins    ('$')
  $ - 80 gold pieces
 Weapons  (')')
  a - a +1 long sword (weapon in right hand)
 Armor    ('[')
  d - an uncursed +0 helmet (being worn)
  f - an uncursed +0 pair of leather gloves (being worn)
  e - an uncursed +0 small shield (being worn)
  c - an uncursed +1 ring mail (being worn)
 Comestibles  ('%')
  g - 11 uncursed apples
  h - 10 uncursed carrots
  r - 2 uncursed food rations
  t - an uncursed fortune cookie
 Scrolls  ('?')
  i - an uncursed scroll of gold detection
  x - 2 uncursed scrolls of light
  v - an uncursed scroll of scare monster
  b - an uncursed scroll of teleportation
 Spellbooks  ('+')
  w - an uncursed spellbook of chain lightning
  n - an uncursed spellbook of wizard lock
 Potions  ('!')
  l - an uncursed potion of booze
  E - a blessed potion of healing
  m - an uncursed potion of oil
  j - an uncursed potion of see invisible
  A - a blessed potion of speed
 Wands    ('/')
  k - a wand of magic missile (0:7)
  y - a wand of make invisible (0:6)
 Tools    ('(')
  C - an uncursed magic whistle
  z - an uncursed tin whistle
 Gems/Stones  ('*')
  o - an uncursed worthless piece of black glass
  p - an uncursed worthless piece of blue glass
  s - an uncursed worthless piece of violet glass
  q - an uncursed worthless piece of yellow glass

Drastanta the Knight's attributes:

Background:
 You were an Esquire, a level 5 male human Knight.
 You were lawful, on a mission for Lugh
 who was opposed by Brigit (neutral) and Manannan Mac Lir (chaotic).
 You were right-handed.
 You were in the Gnomish Mines, on level 4.
 You entered the dungeon 1492 turns ago.
 It was the midnight hour.
 You had 227 experience points, 93 more were needed to attain level 6.

Basics:
 You had 0 out of 45 hit points.
 You had all 34 energy points (spell power).
 Your armor class was 3.
 Your wallet contained 80 zorkmids.
 Autopickup was on for '$' plus thrown.

Final Characteristics:
 Your strength was 15 (limit:18/100).
 Your dexterity was 9 (limit:18).
 Your constitution was 11 (limit:18).
 Your intelligence was 9 (limit:18).
 Your wisdom was 15 (limit:18).
 Your charisma was 17 (limit:18).

Final Status:
 You weren't hungry.
 You were unencumbered.
 You were wielding a long sword.
 You had basic skill with long sword.

Final Attributes:
 You were haltingly aligned.
 You could jump.
 You were warded.
 You are dead.

Miscellaneous:
 You encountered 1 bones level.
 Total elapsed playing time was 10 minutes and 13 seconds.

Major events:
 Turn
    1: Drastanta the lawful male human Knight entered the dungeon
  576: entered the Gnomish Mines
  589: attained the rank of Esquire (level 3)
 1492: killed by a dwarf

You didn't know any spells.

Skills:
 Fighting Skills
   bare handed combat [Unskilled]
   two weapon combat  [Unskilled]
   riding             [Basic]
 Weapon Skills
   dagger             [Unskilled]
   knife              [Unskilled]
   axe                [Unskilled]
   pick-axe           [Unskilled]
   short sword        [Unskilled]
   broadsword         [Unskilled]
   long sword         [Basic]
   two-handed sword   [Unskilled]
   saber              [Unskilled]
   club               [Unskilled]
   mace               [Unskilled]
   morning star       [Unskilled]
   flail              [Unskilled]
   hammer             [Unskilled]
   polearms           [Unskilled]
   spear              [Unskilled]
   trident            [Unskilled]
   lance              [Basic]
   bow                [Unskilled]
   crossbow           [Unskilled]
 Spellcasting Skills
   attack spells      [Unskilled]
   healing spells     [Unskilled]
   clerical spells    [Unskilled]

Voluntary challenges:
 Character rerolling was not enabled.
 You were illiterate.
 You never genocided any monsters.
 You never polymorphed an object.
 You never changed form.
 You used no wishes.
Achievements:
 You entered the Gnomish Mines.
 You attained the rank of Esquire.

 The Dungeons of Doom: levels 1 to 3
    Level 1:
       A fountain, a tree.
    Level 2:
       Stairs down to The Gnomish Mines.
    Level 3:
 The Gnomish Mines: levels 3 to 5
    Level 3:
    Level 4: <- You were here.
       Final resting place for
          you, killed by a dwarf,
          ThermoNuclear-Wiz-Elf-Fem-Cha, killed by a dwarf.
    Level 5:


Vanquished creatures:
  a pony
  a shrieker
  3 gnome leaders
  3 dwarves
  a hill orc
 an iguana
 an acid blob
  a hobgoblin
 23 gnomes
  4 jackals
  a kobold
  3 lichens
  a kobold zombie
  3 newts
47 creatures vanquished.

No species were genocided or became extinct.

Game over:
                       ----------
                      /          \
                     /    REST    \
                    /      IN      \
                   /     PEACE      \
                  /                  \
                  |    Drastanta     |
                  |      80 Au       |
                  |   killed by a    |
                  |      dwarf       |
                  |                  |
                  |                  |
                  |       2026       |
                 *|     *  *  *      | *
        _________)/\\_//(\/(/\)/\//\/|_)_______

Fare thee well Drastanta the Knight...

You died in The Gnomish Mines on dungeon level 4 with 1180 points,
and 80 pieces of gold, after 1492 moves.
You were level 5 with a maximum of 45 hit points when you died.

